 Dungeon Crawl Stone Soup version 0.25-a0-413-g3b4b6a4ccc (webtiles) character file.

Game seed: 8930648634367440458, levelgen mode: deterministic

1599434 hittemvvvvvvhard the Slayer (level 27, 171/171 HPs)
             Began as a Gargoyle Abyssal Knight on Jan 14, 2020.
             Was a Priest of Lugonu.
             Escaped with the Orb
             ... and 3 runes!
             The game lasted 03:47:56 (81880 turns).

hittemvvvvvvhard the Slayer (GrAK)                 Turns: 81880, Time: 03:47:56

Health: 171/171    AC: 76    Str: 32    XL:     27
Magic:  33/33      EV: 12    Int: 13    God:    Lugonu [***...]
Gold:   3903       SH: 42    Dex: 13    Spells: 26/26 levels left

rFire    + . .     SeeInvis +   a - +9 fustibalus (freeze)
rCold    + . .     Gourm    .   U - +8 large shield of Impatience {Str+7}
rNeg     + + +     Faith    .   B - +18 crystal plate armour "Fompahio" {rC+ rN+ Dex+4}
rPois    ∞         Spirit   .   n - +2 helmet
rElec    +         Reflect  +   m - +2 cloak {MR+} {MR+}
rCorr    .         Harm     .   J - +2 pair of gloves {archery} {Ranged Slay+4}
MR       ++++.     Rnd*Rage +   Y - +2 pair of boots
Stlth    ..........             G - brooch of Shielding {Reflect SH+8}
HPRegen  0.00/turn              F - ring "Peteab" {Wiz rF+ SInv}
MPRegen  0.23/turn              z - ring of the King {rN+ MR+}

@: no status effects
A: big wings, berserk 1, deformed body, deterioration 2, frail 1, low mp 1,
negative energy resistance 1, electricity resistance, inhibited regeneration,
weak 2, unbreathing, petrification resistance, no potion heal 1, rot immunity,
AC +20
0: Orb of Zot
}: 3/15 runes: barnacled, silver, gossamer
a: Fly, Depart the Abyss, Bend Space, Banish, Renounce Religion


You escaped.
You worshipped Lugonu.
Lugonu was most pleased with you.
You were very full.

You visited 10 branches of the dungeon, and saw 52 of its levels.
You visited the Abyss 3 times.
You also visited: Wizlab.

You collected 8420 gold pieces.
You spent 4517 gold pieces at shops.

Inventory:

Hand Weapons
 a - a +9 fustibalus of freezing (weapon)
Missiles
 s - 713 stones
 y - 102 sling bullets (quivered)
 N - 29 silver javelins
 O - 12 throwing nets {=f}
Armour
 m - a +2 cloak of magic resistance (worn) {MR+}
 n - a +2 helmet (worn)
 B - the +18 crystal plate armour "Fompahio" (worn) {rC+ rN+ Dex+4}
   (You took it off a skeletal warrior on level 3 of the Crypt)

   It affects your dexterity (+4).
   It protects you from cold.
   It protects you from negative energy.
 J - a +2 pair of gloves of archery (worn) {Ranged Slay+4}
 U - the +8 large shield of Impatience (worn) {Str+7}
   (You found it on level 9 of the Dungeon)

   It affects your strength (+7).
 Y - a +2 pair of boots (worn)
Jewellery
 z - the ring of the King (right hand) {rN+ MR+}
   (You bought it in a shop on level 2 of the Orcish Mines)

   [ring of positive energy]

   It protects you from negative energy.
   It affects your resistance to hostile enchantments.
 C - an uncursed ring of resist corrosion
 F - the ring "Peteab" (left hand) {Wiz rF+ SInv}
   (You found it on level 2 of the Realm of Zot)

   [ring of wizardry]

   It improves your spell success rate.
   It protects you from fire.
   It lets you see invisible.
 G - the brooch of Shielding (around neck) {Reflect SH+8}
   (You took it off a deep elf demonologist on level 3 of the Elven Halls)

   [amulet of reflection]

   It shields you and reflects attacks.
   It affects your SH (+8).
 M - an uncursed ring of protection from magic
 P - a +6 ring of slaying
Wands
 d - a wand of disintegration (50)
 h - a wand of paralysis (35)
 u - a wand of enslavement (21)
 v - a wand of iceblast (55)
 Q - a wand of scattershot (10)
Scrolls
 c - 24 scrolls of remove curse
 i - 9 scrolls of identify
 t - 9 scrolls of teleportation
 x - 4 scrolls of blinking {!r}
 D - 9 scrolls of fear
 I - 2 scrolls of summoning
 R - 5 scrolls of holy word {!r}
 T - 5 scrolls of vulnerability {!r!r}
 V - 4 scrolls of fog
 X - 2 scrolls of silence
Potions
 b - 10 potions of mutation {!q}
 g - 5 potions of agility
 j - 4 potions of heal wounds
 l - 9 potions of curing
 p - 7 potions of might
 q - 11 potions of cancellation
 w - a potion of haste
 A - 2 potions of magic
 K - 2 potions of ambrosia
 L - 4 potions of invisibility
 W - 8 potions of flight
Miscellaneous
 f - 2 phantom mirrors
 k - a lamp of fire
 E - a fan of gales (inert)
 H - 4 sacks of spiders
 Z - 3 boxes of beasts
Comestibles
 e - 43 rations


   Skills:
 - Level 24.0 Fighting
   Level 7.1 Maces & Flails
 - Level 15.0(16.8) Slings
 - Level 13.3(16.0) Throwing
 + Level 22.8 Armour
 - Level 11.0 Dodging
 - Level 22.0 Shields
 - Level 20.0 Invocations
 - Level 15.0 Evocations


You had 26 spell levels left.
You didn't know any spells.
Your spell library contained the following spells:

 Spells                   Type           Power        Failure   Level  Hunger
 Animate Skeleton         Necr           N/A          75%         1    ##.....
 Corona                   Hex            #......      75%         1    ##.....
 Foxfire                  Conj/Fire      #...         75%         1    ##.....
 Freeze                   Ice            #...         75%         1    ##.....
 Infusion                 Chrm           #...         75%         1    ##.....
 Pain                     Necr           #...         75%         1    ##.....
 Shock                    Conj/Air       #...         75%         1    ##.....
 Summon Butterflies       Summ           #.......     75%         1    ##.....
 Summon Small Mammal      Summ           #...         75%         1    ##.....
 Call Imp                 Summ           #.......     86%         2    ###....
 Corpse Rot               Necr/Air       N/A          86%         2    ###....
 Ensorcelled Hibernation  Hex/Ice        #.....       86%         2    ###....
 Passwall                 Tmut/Erth      #.......     86%         2    ###....
 Poisonous Vapours        Pois/Air       #.....       86%         2    ###....
 Shroud of Golubria       Chrm/Tloc      #.....       86%         2    ###....
 Slow                     Hex            #.......     86%         2    ###....
 Song of Slaying          Chrm           #.......     86%         2    ###....
 Swiftness                Chrm/Air       #.......     86%         2    ###....
 Call Canine Familiar     Summ           #.......     97%         3    ####...
 Confusing Touch          Hex            #.......     97%         3    ####...
 Conjure Flame            Conj/Fire      #.......     97%         3    ####...
 Dazzling Flash           Conj/Hex       #.....       97%         3    ####...
 Gell's Gravitas          Tloc           #.........   97%         3    ####...
 Inner Flame              Hex/Fire       #.......     97%         3    ####...
 Mephitic Cloud           Conj/Pois/Air  #.......     97%         3    ####...
 Ozocubu's Armour         Chrm/Ice       #.......     97%         3    ####...
 Portal Projectile        Hex/Tloc       #.....       97%         3    ####...
 Recall                   Summ/Tloc      N/A          97%         3    ####...
 Spectral Weapon          Hex/Chrm       #.......     97%         3    ####...
 Static Discharge         Conj/Air       #.......     97%         3    ####...
 Summon Guardian Golem    Hex/Summ       #.......     97%         3    ####...
 Tukima's Dance           Hex            #.......     97%         3    ####...
 Vampiric Draining        Necr           #.........   97%         3    ####...
 Airstrike                Air            #.........   100%        4    #####..
 Animate Dead             Necr           N/A          100%        4    #####..
 Cause Fear               Hex            #.........   100%        4    #####..
 Dispel Undead            Necr           #.......     100%        4    #####..
 Hailstorm                Conj/Ice       #.......     100%        4    #####..
 Ice Form                 Ice/Tmut       #.......     100%        4    #####..
 Iskenderun's Mystic Bla  Conj/Tloc      #.......     100%        4    #####..
 Leda's Liquefaction      Hex/Erth       #.........   100%        4    #####..
 Petrify                  Tmut/Erth      #.......     100%        4    #####..
 Sticky Flame             Conj/Fire      #.......     100%        4    #####..
 Summon Ice Beast         Ice/Summ       #.......     100%        4    #####..
 Summon Lightning Spire   Summ/Air       #.......     100%        4    #####..
 Agony                    Necr           #.......     100%        5    ######.
 Aura of Abjuration       Summ           #.........   100%        5    ######.
 Bolt of Magma            Conj/Fire/Erth #.........   100%        5    ######.
 Borgnjor's Vile Clutch   Necr/Erth      #.........   100%        5    ######.
 Excruciating Wounds      Chrm/Necr      #.........   100%        5    ######.
 Fireball                 Conj/Fire      #.........   100%        5    ######.
 Irradiate                Conj/Tmut      #.........   100%        5    ######.
 Iskenderun's Battlesphe  Conj/Chrm      #.......     100%        5    ######.
 Lee's Rapid Deconstruct  Erth           #.........   100%        5    ######.
 Lightning Bolt           Conj/Air       #.........   100%        5    ######.
 Metabolic Englaciation   Hex/Ice        #.........   100%        5    ######.
 Silence                  Hex/Air        #.........   100%        5    ######.
 Summon Demon             Summ           #.........   100%        5    ######.
 Summon Forest            Summ/Tloc      #.........   100%        5    ######.
 Summon Mana Viper        Hex/Summ       #.......     100%        5    ######.
 Yara's Violent Unravell  Hex/Tmut       #.........   100%        5    ######.
 Darkness                 Hex            #.........   100%        6    #######
 Death Channel            Necr           #.........   100%        6    #######
 Deflect Missiles         Chrm/Air       #.........   100%        6    #######
 Dispersal                Tloc           #.........   100%        6    #######
 Freezing Cloud           Conj/Ice/Air   #.........   100%        6    #######
 Hydra Form               Tmut           #.........   100%        6    #######
 Invisibility             Hex            #.......     100%        6    #######
 Iron Shot                Conj/Erth      #.........   100%        6    #######
 Ozocubu's Refrigeration  Ice            #.........   100%        6    #######
 Shadow Creatures         Summ           N/A          100%        6    #######
 Simulacrum               Ice/Necr       #.........   100%        6    #######
 Dragon Form              Tmut           #.........   100%        7    #######
 Malign Gateway           Summ/Tloc      #.........   100%        7    #######
 Monstrous Menagerie      Summ           #.........   100%        7    #######
 Orb of Destruction       Conj           #.........   100%        7    #######
 Ring of Flames           Chrm/Fire      #.........   100%        7    #######
 Spellforged Servitor     Conj/Summ      #.........   100%        7    #######
 Summon Greater Demon     Summ           #.........   100%        7    #######
 Summon Hydra             Summ           #.........   100%        7    #######
 Borgnjor's Revivificati  Necr           #.........   100%        8    #######
 Chain Lightning          Conj/Air       #.........   100%        8    #######
 Controlled Blink         Tloc           N/A          100%        8    #######
 Discord                  Hex            #.........   100%        8    #######
 Disjunction              Tloc           #.........   100%        8    #######
 Lehudib's Crystal Spear  Conj/Erth      #.........   100%        8    #######
 Summon Horrible Things   Summ           #.........   100%        8    #######
 Fire Storm               Conj/Fire      #.........   100%        9    #######
 Glaciate                 Conj/Ice       #.........   100%        9    #######
 Passage of Golubria      Tloc           Unusable     N/A         4    N/A
 Statue Form              Tmut/Erth      Unusable     N/A         6    N/A

Dungeon Overview and Level Annotations

Branches:
Dungeon (15/15)            Temple (0/1) D:6            Lair (6/6) D:9
 Shoals (4/4) Lair:3       Spider (4/4) Lair:4        Slime (0/5) Lair:6
    Orc (2/2) D:11            Elf (3/3) Orc:2        Vaults (5/5) D:14
  Crypt (3/3) Vaults:3       Tomb (0/3) Crypt:3      Depths (5/5) D:15
    Zot (5/5) Depths:5     WizLab (visited)

Altars:
Ashenzari
Elyvilon
Fedhas
Kikubaaqudgha
Makhleb
Nemelex Xobeh
Okawaru
Qazlal
Ru
Uskayaw
Wu Jian
Xom
Yredelemnul
The Shining One
Beogh
Jiyva

Shops:
D:4 (   D:8 (   D:14 =   Orc:1 %%*:   Orc:2 %=%:[   Shoals:2 :   Vaults:1 %
Vaults:2 =}=:?   Vaults:3 [=[%(   Vaults:4 %[(

Portals:
Hell: Depths:1 Depths:2 Depths:3 Depths:4 Depths:5
Abyss: Depths:1* Depths:2 Depths:3 Depths:4 Depths:5
Pandemonium: Depths:1 Depths:3
Ziggurat: Depths:5

Annotations:
Spider:3 3 runed translucent doors (no), Teidop's ghost, journeyman DsNe
Elf:2 3 runed translucent doors (no), exclusion: door, bmj180's ghost, adept GrEE
Elf:3 corrupted
Vaults:5 corrupted
Crypt:1 3 runed translucent doors
Crypt:3 1 runed translucent door, Hah Honi's ghost, adept GrFi
Depths:1 2 transporters, Jicallu's ghost, veteran TeFE
Depths:2 4 exclusions
Depths:3 corrupted
Zot:1 corrupted
Zot:2 corrupted, 5 exclusions
Zot:4 4 exclusions
Zot:5 corrupted, exclusions: door and 3 more exclusions
Abyss:1 Bai Suzhen; Edmund; Gastronok; Maurice; Nergalle; Psyche


Innate Abilities, Weirdness & Mutations

You are resistant to torment.
Your stone body is resilient. (AC +20)
You are immune to poison.
Your large and strong wings let you fly indefinitely.
You resist negative energy. (rN+)
You are resistant to electric shocks. (rElec)
You can survive without breathing.
You are immune to petrification.
You are immune to rotting.
You tend to lose your temper in combat.
Armour fits poorly on your strangely shaped body.
Your body often deteriorates upon taking damage.
You are frail. (-10% HP)
Your magical capacity is low. (-10% MP)
You do not regenerate when monsters are visible.
You are very weak. (Str -4)
Potions are less effective at restoring your health.


Message History

No target in view!
No target in view!
(D) Dungeon (T) Temple (L) Lair (A) Shoals (N) Spider Nest (M) Slime Pits (O) Orcish Mines (E) Elven Halls (V) Vaults (C) Crypt (W) Tomb (U) Depths (H) Hell (Z) Zot
Where to? (Enter - D:1 @ (x,y), ? - help)
You see here a +0 club.
There is a stone staircase leading up here.
Things that are here:
a scroll of immolation {!r}; a +0 leather armour You climb upwards.
There is a stone staircase leading down here.
There is a stone staircase leading up here.
You climb upwards.
There is a stone staircase leading down here.
An orange demon and a torturous demonspawn come into view.
The orange demon screeches!
There is a staircase leading out of the dungeon here.
You have escaped!

##...# #........# #.#
##..#)#########........# #.#
#.#...........#........####.#
.####.#######.#.............# >#
#..................###..###
.###########..................###
.......# ##.4⌠...⌠...####..#....
.#####.####..........#####..#####
#............6..@...........#
.#####.####..........#####.##
................∩.......##.#
######.######........##.##.#
#.##............##.##.######
#.##..#####...####.##.......
######.##..# #............>....
.....÷.....# #.######.###.#####
......###..# #.# #.# #.#

Skill      XL: |  1  2  3  4  5  6  7  8  9 10 11 12 13 14 15 16 17 18 19 20 21 22 23 24 25 26 27 |
---------------+----------------------------------------------------------------------------------+-----
Maces & Flails | 3 4 5 6 7 |  7.1
Invocations    | 3 6 7 8 9 10 11 12 13 14 15 16 17 18 20 | 20.0
Slings         | 5 6 7 8 12 14 15 | 15.0
Dodging        | 2 3 5 7 8 9 10 11 | 11.0
Shields        | 3 5 7 8 9 11 12 13 14 15 16 17 18 22 | 22.0
Fighting       | 4 6 8 9 11 12 13 14 15 16 20 21 23 24 | 24.0
Armour         | 4 6 7 8 9 11 12 13 14 15 16 17 18 22 | 22.8
Evocations     | 4 6 8 9 10 11 12 13 14 15 | 15.0
Throwing       | 12 13 | 13.3

Notes
Turn   | Place    | Note
-------+----------+-------------------------------------------
     0 | Abyss:1  | hittemvvvvvvhard the Gargoyle Abyssal Knight began the
                  | quest for the Orb.
     0 | Abyss:1  | Reached XP level 1. HP: 14/14 MP: 2/2
    20 | D:1      | Escaped the Abyss
   234 | D:1      | Reached XP level 2. HP: 19/19 MP: 3/3
   288 | D:1      | Reached * piety under Lugonu
   471 | D:1      | Reached skill level 3 in Maces & Flails
   545 | D:1      | Reached XP level 3. HP: 23/23 MP: 4/4
  1278 | D:2      | Reached skill level 4 in Maces & Flails
  1381 | D:2      | Found an iron altar of Okawaru.
  1382 | D:2      | Found a white marble altar of Elyvilon.
  1393 | D:2      | Reached XP level 4. HP: 26/28 MP: 5/5
  1620 | D:2      | Found a burning altar of Makhleb.
  1933 | D:3      | Reached ** piety under Lugonu
  2339 | D:3      | Reached skill level 5 in Maces & Flails
  2339 | D:3      | Reached XP level 5. HP: 29/32 MP: 6/6
  3242 | D:3      | Reached skill level 6 in Maces & Flails
  3307 | D:3      | Reached XP level 6. HP: 31/37 MP: 7/7
  3527 | D:3      | Reached *** piety under Lugonu
  3667 | D:2      | Reached skill level 7 in Maces & Flails
  3915 | D:2      | Reached skill level 3 in Invocations
  3915 | D:2      | Reached XP level 7. HP: 36/41 MP: 7/9
  4669 | D:3      | Reached **** piety under Lugonu
  5137 | D:4      | Reached skill level 4 in Invocations
  5334 | D:2      | Found a glowing golden altar of the Shining One.
  5519 | D:4      | Reached skill level 5 in Invocations
  5866 | D:4      | Reached skill level 6 in Invocations
  5874 | D:4      | Reached XP level 8. HP: 33/46 MP: 12/12
  6075 | D:4      | Found Fuatriul's Weapon Emporium.
  6084 | D:4      | Bought a +1 fustibalus of freezing for 340 gold pieces
  6165 | D:4      | Reached skill level 1 in Slings
  6459 | D:4      | Reached skill level 2 in Slings
  6833 | D:5      | Entered Level 5 of the Dungeon
  7113 | D:5      | Reached skill level 3 in Slings
  7141 | D:5      | Found a shattered altar of Ashenzari.
  7297 | D:5      | Reached skill level 4 in Slings
  7427 | D:5      | Noticed a two-headed ogre
  7437 | D:5      | Banished a two-headed ogre
  7437 | D:5      | Reached skill level 5 in Slings
  7437 | D:5      | Reached XP level 9. HP: 45/51 MP: 13/13
  7613 | D:5      | Reached skill level 6 in Slings
  7627 | D:5      | Reached skill level 1 in Dodging
  7630 | D:5      | Reached skill level 1 in Shields
  8387 | D:6      | Reached skill level 4 in Fighting
  8512 | D:6      | Reached skill level 3 in Armour
  8519 | D:6      | Reached skill level 2 in Shields
  8720 | D:6      | Noticed Edmund
  8722 | D:6      | Banished Edmund
  8818 | D:6      | Found a staircase to the Ecumenical Temple.
  8861 | D:6      | Reached skill level 2 in Dodging
  9310 | D:7      | Reached skill level 7 in Invocations
  9465 | D:7      | Reached skill level 3 in Shields
  9514 | D:7      | Reached skill level 4 in Armour
  9909 | D:8      | Reached XP level 10. HP: 58/58 MP: 15/15
  9971 | D:8      | Reached skill level 5 in Fighting
 10069 | D:8      | Found a hide-covered altar of Uskayaw.
 10071 | D:8      | Noticed Grum
 10122 | D:8      | Banished Grum
 10342 | D:8      | Reached skill level 3 in Dodging
 10384 | D:8      | Noticed Gastronok
 10465 | D:8      | Banished Gastronok
 10465 | D:8      | Reached skill level 7 in Slings
 10465 | D:8      | Reached skill level 4 in Shields
 10572 | D:8      | Noticed Harold
 10585 | D:8      | Killed Harold
 10585 | D:8      | Reached skill level 6 in Fighting
 10585 | D:8      | Reached skill level 5 in Armour
 10585 | D:8      | Reached skill level 8 in Invocations
 10740 | D:8      | Found Hor Hie's Antique Weapon Shoppe.
 10921 | D:9      | Noticed Psyche
 11153 | D:9      | Got a spiked large shield
 11164 | D:9      | Identified the +8 large shield of Impatience {Str+7} (You
                  | found it on level 9 of the Dungeon)
 11246 | D:9      | Reached skill level 5 in Shields
 11401 | D:9      | Reached skill level 6 in Armour
 11401 | D:9      | Reached XP level 11. HP: 48/66 MP: 17/17
 11515 | D:9      | Found a staircase to the Lair.
 11690 | D:9      | Noticed Maurice
 11691 | D:9      | Banished Maurice
 11761 | D:9      | Found a blossoming altar of Fedhas.
 11994 | D:9      | Banished Psyche
 12057 | D:10     | Entered Level 10 of the Dungeon
 12246 | D:10     | Reached skill level 7 in Fighting
 12492 | D:10     | Reached skill level 6 in Shields
 12566 | D:10     | Reached skill level 8 in Slings
 12861 | D:11     | Reached skill level 9 in Invocations
 12984 | D:11     | Found a staircase to the Orcish Mines.
 13054 | D:11     | Noticed a cyclops
 13056 | D:11     | Banished a cyclops
 13413 | D:11     | Reached skill level 7 in Armour
 13588 | D:12     | Noticed a six-headed hydra
 13591 | D:12     | Banished an unseen horror
 13602 | D:12     | Banished a six-headed hydra
 13665 | D:12     | Noticed a two-headed ogre
 13668 | D:12     | Noticed a manticore
 13670 | D:12     | Banished a two-headed ogre
 13671 | D:12     | Banished a manticore
 13671 | D:12     | Reached skill level 7 in Shields
 13786 | D:12     | Reached skill level 8 in Fighting
 13867 | D:12     | Noticed a brown ugly thing
 13875 | D:12     | Killed a brown ugly thing
 14147 | D:12     | Reached XP level 12. HP: 73/73 MP: 19/19
 14197 | Lair:1   | Entered Level 1 of the Lair of Beasts
 14197 | Lair:1   | Noticed Nergalle
 14198 | Lair:1   | Banished Nergalle
 14322 | Lair:1   | Reached skill level 8 in Armour
 14342 | Lair:1   | Reached skill level 10 in Invocations
 14460 | Lair:1   | Reached skill level 9 in Slings
 14493 | Lair:1   | Reached skill level 8 in Shields
 14848 | Lair:1   | Found a shimmering altar of Xom.
 15333 | Lair:2   | Noticed a five-headed hydra
 15333 | Lair:2   | Noticed a five-headed hydra
 15334 | Lair:2   | Banished a five-headed hydra
 15335 | Lair:2   | Banished a five-headed hydra
 15461 | Lair:2   | Reached skill level 10 in Slings
 15550 | Lair:2   | Noticed a six-headed hydra
 15556 | Lair:2   | Killed a six-headed hydra
 16189 | Lair:3   | Reached skill level 11 in Slings
 16338 | Lair:3   | Noticed a six-headed hydra
 16347 | Lair:3   | Killed a six-headed hydra
 16602 | Lair:3   | Reached skill level 12 in Slings
 16602 | Lair:3   | Reached XP level 13. HP: 78/78 MP: 20/20
 16893 | Lair:3   | Found a staircase to the Shoals.
 17015 | Lair:4   | Got a wizard robe
 17033 | Lair:3   | Identified the +2 robe of Jetokh {Str-2 Dex+4 Stlth+} (You
                  | found it on level 4 of the Lair of Beasts)
 17053 | Lair:4   | Reached ***** piety under Lugonu
 17412 | Lair:4   | Found a hole to the Spider Nest.
 17610 | Lair:4   | Reached skill level 13 in Slings
 19036 | Lair:5   | Noticed Urug
 19048 | Lair:5   | Banished Urug
 19288 | Lair:5   | Reached skill level 11 in Invocations
 19808 | Lair:5   | Reached skill level 14 in Slings
 20208 | Lair:6   | Entered Level 6 of the Lair of Beasts
 20214 | Lair:6   | Gained mutation: Your large and strong wings let you fly
                  | indefinitely. [Gargoyle growth]
 20214 | Lair:6   | Reached XP level 14. HP: 84/84 MP: 22/22
 20220 | Lair:6   | Reached skill level 12 in Invocations
 20292 | Lair:6   | Reached skill level 1 in Evocations
 20665 | Lair:6   | Reached skill level 2 in Evocations
 20705 | Lair:6   | Reached skill level 4 in Dodging
 20896 | Lair:6   | Reached skill level 3 in Evocations
 20909 | Lair:6   | Reached skill level 9 in Fighting
 20909 | Lair:6   | Reached skill level 9 in Armour
 20909 | Lair:6   | Reached skill level 9 in Shields
 21106 | Lair:6   | Reached ****** piety under Lugonu
 21409 | Lair:6   | Reached skill level 4 in Evocations
 21431 | Lair:6   | Reached skill level 5 in Dodging
 21506 | Lair:6   | Reached XP level 15. HP: 92/92 MP: 24/24
 21974 | Lair:6   | Found a viscous altar of Jiyva.
 21974 | Lair:6   | Found a staircase to the Slime Pits.
 22099 | Lair:6   | Reached skill level 10 in Fighting
 22099 | Lair:6   | Reached skill level 10 in Armour
 22099 | Lair:6   | Reached skill level 10 in Shields
 22491 | D:13     | Reached skill level 5 in Evocations
 23291 | D:14     | Found Kopets's Jewellery Shoppe.
 23299 | D:14     | Bought an uncursed amulet of guardian spirit for 480 gold
                  | pieces
 23983 | D:14     | Found a gate to the Vaults.
 24034 | D:14     | Reached skill level 6 in Evocations
 24245 | D:15     | Entered Level 15 of the Dungeon
 24379 | D:15     | Reached skill level 11 in Fighting
 24379 | D:15     | Reached skill level 11 in Armour
 24397 | D:15     | Reached skill level 11 in Shields
 24811 | D:15     | Found a staircase to the Depths.
 25008 | D:15     | Noticed Agnes
 25020 | D:15     | Killed Agnes
 25020 | D:15     | Reached XP level 16. HP: 69/100 MP: 17/25
 25635 | Orc:1    | Entered Level 1 of the Orcish Mines
 25704 | Orc:1    | Reached skill level 7 in Evocations
 25822 | Orc:2    | Entered Level 2 of the Orcish Mines
 26211 | Orc:2    | Found a roughly hewn altar of Beogh.
 26465 | Orc:2    | Found Lanydy's Armour Emporium.
 26503 | Orc:2    | Found Quowk's Book Boutique.
 26503 | Orc:2    | Found Erecliwk's Food Shoppe.
 26668 | Orc:2    | Found a roughly hewn altar of Beogh.
 26728 | Orc:2    | Found Dyonk's Food Shoppe.
 26728 | Orc:2    | Found Qusoafu's Jewellery Boutique.
 26879 | Orc:2    | Found a staircase to the Elven Halls.
 27004 | Orc:2    | Bought a +1 pair of gloves of archery for 198 gold pieces
 27222 | Orc:2    | Bought the ring of the King {rN+ MR+} for 423 gold pieces
 27261 | Orc:1    | Found Nacvo's Food Shop.
 27366 | Orc:1    | Found Lideehiar's Book Emporium.
 27381 | Orc:1    | Found Puth's General Store.
 27570 | Orc:1    | Found Catost's Food Boutique.
 27813 | Spider:1 | Entered Level 1 of the Spider Nest
 27967 | Spider:1 | Noticed an entropy weaver
 27974 | Spider:1 | Killed an entropy weaver
 27974 | Spider:1 | Reached skill level 12 in Armour
 27974 | Spider:1 | Reached skill level 12 in Shields
 28014 | Spider:1 | Noticed an entropy weaver
 28025 | Spider:1 | Reached skill level 12 in Fighting
 28032 | Spider:1 | Killed an entropy weaver
 28173 | Spider:1 | Reached skill level 8 in Evocations
 28424 | Spider:2 | Noticed an entropy weaver
 28453 | Spider:2 | Banished an entropy weaver
 29939 | Spider:3 | Reached XP level 17. HP: 108/108 MP: 26/26
 30000 | Spider:3 | Found a runed translucent gate.
 30002 | Spider:3 | Found a runed translucent gate.
 30005 | Spider:3 | Found a runed translucent gate.
 30091 | Spider:3 | Noticed an entropy weaver
 30092 | Spider:3 | Banished an entropy weaver
 30213 | Spider:3 | Noticed Teidop's ghost (journeyman DsNe)
 30300 | Spider:4 | Entered Level 4 of the Spider Nest
 30376 | Spider:4 | Reached skill level 6 in Dodging
 30725 | Spider:4 | Noticed Mara
 30766 | Spider:3 | Noticed hittemvvvvvvhard's illusion
 30770 | Spider:3 | Killed Mara
 30770 | Spider:3 | Reached skill level 9 in Evocations
 31849 | Spider:4 | Reached skill level 13 in Armour
 31849 | Spider:4 | Reached skill level 13 in Invocations
 31856 | Spider:4 | Reached skill level 13 in Fighting
 31856 | Spider:4 | Reached skill level 13 in Shields
 32043 | Spider:4 | Got a gossamer rune of Zot
 32350 | Elf:1    | Entered Level 1 of the Elven Halls
 32695 | Elf:1    | Reached skill level 7 in Dodging
 32816 | Elf:1    | Reached XP level 18. HP: 108/114 MP: 27/27
 33656 | Elf:1    | Reached skill level 10 in Evocations
 34754 | Elf:2    | Found a runed translucent gate.
 34755 | Elf:2    | Found a runed translucent gate.
 34756 | Elf:2    | Found a runed translucent gate.
 34761 | Elf:2    | Noticed bmj180's ghost (adept GrEE)
 35231 | Elf:2    | Reached skill level 14 in Fighting
 35231 | Elf:2    | Reached skill level 14 in Armour
 35234 | Elf:2    | Reached skill level 14 in Invocations
 35277 | Elf:2    | Reached skill level 14 in Shields
 35551 | Elf:2    | Found a runed translucent door.
 35585 | Elf:2    | Found a runed translucent door.
 35603 | Elf:2    | Noticed a deep elf blademaster
 35638 | Elf:2    | Killed a deep elf blademaster
 35743 | Elf:2    | Reached XP level 19. HP: 121/121 MP: 29/29
 36289 | Shoals:1 | Entered Level 1 of the Shoals
 36656 | Shoals:1 | Reached skill level 11 in Evocations
 37222 | Shoals:2 | Found Pustig's Book Shop.
 37552 | Shoals:2 | Found a glowing golden altar of the Shining One.
 38706 | Shoals:4 | Entered Level 4 of the Shoals
 38972 | Shoals:4 | Reached skill level 15 in Fighting
 38978 | Shoals:4 | Reached skill level 15 in Armour
 38985 | Shoals:4 | Reached skill level 15 in Invocations
 38989 | Shoals:4 | Reached skill level 15 in Shields
 39338 | Shoals:4 | Reached XP level 20. HP: 108/129 MP: 31/31
 39525 | Shoals:4 | Noticed Polyphemus
 39551 | Shoals:4 | Killed Polyphemus
 40249 | Shoals:4 | Noticed Bai Suzhen
 40252 | Shoals:4 | Banished Bai Suzhen
 40252 | Shoals:4 | Reached skill level 12 in Evocations
 40372 | Shoals:4 | Got a barnacled rune of Zot
 40975 | Elf:3    | Entered Level 3 of the Elven Halls
 41217 | Elf:3    | Identified the +0 leather armour of the Hall of Blades
                  | {rPois} (You found it on level 3 of the Elven Halls)
 41465 | Elf:3    | Noticed a deep elf sorcerer
 41742 | Elf:3    | Noticed a deep elf demonologist
 41893 | Elf:3    | Killed a deep elf demonologist
 41943 | Elf:3    | Noticed a deep elf sorcerer
 41946 | Elf:3    | Noticed a deep elf sorcerer
 41947 | Elf:3    | Killed a deep elf sorcerer
 41951 | Elf:3    | Killed a deep elf sorcerer
 41954 | Elf:3    | Killed a deep elf sorcerer
 42170 | Elf:3    | Noticed a deep elf demonologist
 42184 | Elf:3    | Killed a deep elf demonologist
 42185 | Elf:3    | Noticed a deep elf sorcerer
 42188 | Elf:3    | Killed a deep elf sorcerer
 42295 | Elf:3    | Noticed a deep elf sorcerer
 42299 | Elf:3    | Killed a deep elf sorcerer
 42328 | Elf:3    | Identified the cursed +3 rapier of Rurchuen {pierce, rElec}
 42328 | Elf:3    | Noticed a deep elf demonologist
 42344 | Elf:3    | Noticed a deep elf sorcerer
 42472 | Elf:3    | Noticed a deep elf sorcerer
 42476 | Elf:3    | Killed a deep elf demonologist
 42483 | Elf:3    | Killed a deep elf sorcerer
 42484 | Elf:3    | Noticed a deep elf sorcerer
 42491 | Elf:3    | Killed a deep elf sorcerer
 42501 | Elf:3    | Noticed a deep elf sorcerer
 42508 | Elf:3    | Killed a deep elf sorcerer
 42671 | Elf:3    | Noticed a deep elf sorcerer
 42679 | Elf:3    | HP: 21/131 [deep elf sorcerer/damnation (39)]
 42780 | Abyss:1  | Reached skill level 16 in Fighting
 42795 | Abyss:1  | Reached skill level 16 in Armour
 42827 | Abyss:1  | Reached skill level 16 in Shields
 42827 | Abyss:1  | Reached skill level 16 in Invocations
 42857 | Abyss:1  | Noticed an ancient lich
 42858 | Abyss:1  | Found a corrupted altar of Lugonu.
 42923 | Abyss:1  | Found a corrupted altar of Lugonu.
 43086 | Elf:3    | Escaped the Abyss
 43086 | Elf:3    | Identified the +5 battleaxe of False Accusations {chop,
                  | Fragile rPois Str+4}
 43086 | Elf:3    | Noticed a deep elf sorcerer
 43087 | Elf:3    | Identified the ring of Gylump {Wiz +Inv rF- MR+}
 43087 | Elf:3    | Noticed a deep elf sorcerer
 43096 | Elf:3    | Identified the cursed +1 falchion "Puyjaic" {freeze, Int+4
                  | Dex+4}
 43097 | Elf:3    | Killed a deep elf sorcerer
 43097 | Elf:3    | Identified the +4 broad axe of Defilement {freeze, +Fly
                  | rElec rN+}
 43097 | Elf:3    | Noticed a deep elf sorcerer
 43099 | Elf:3    | Noticed a deep elf demonologist
 43099 | Elf:3    | Noticed a deep elf sorcerer
 43103 | Elf:3    | Killed a deep elf sorcerer
 43176 | Elf:3    | Killed a deep elf sorcerer
 43181 | Elf:3    | Killed a ghostly deep elf sorcerer
 43190 | Elf:3    | Noticed a deep elf sorcerer
 43202 | Elf:3    | Killed a deep elf sorcerer
 43223 | Elf:3    | Killed a deep elf sorcerer
 43448 | Elf:3    | Killed a deep elf sorcerer
 43469 | Elf:3    | Reached XP level 21. HP: 131/137 MP: 33/33
 43470 | Elf:3    | Corrupted Elf:3
 43478 | Elf:3    | Killed a deep elf sorcerer
 43532 | Elf:3    | Killed a deep elf demonologist
 43545 | Elf:3    | Killed a deep elf demonologist
 43663 | Elf:3    | Identified the +6 whip of Mivo {slash, Dex+2} (You found it
                  | on level 3 of the Elven Halls)
 44368 | Vaults:1 | Entered Level 1 of the Vaults
 44415 | Vaults:1 | Reached skill level 17 in Fighting
 44709 | Vaults:1 | Found Nuishro's Food Shop.
 44805 | Vaults:1 | Reached skill level 18 in Fighting
 45285 | Vaults:1 | Identified the +3 hand crossbow "Hydraslayer" {freeze,
                  | Dex+2}
 45446 | Vaults:1 | Reached skill level 19 in Fighting
 45473 | Vaults:1 | Got a scintillating turquoise ring
 45475 | Vaults:1 | Identified the ring of the Briny Deep {rN++ Int+6 Stlth-}
                  | (You found it on level 1 of the Vaults)
 45610 | Vaults:1 | Got an aquamarine-encrusted ring mail
 45813 | Vaults:2 | Upgraded the game from 0.25-a0-410-g53dbb631d1 to
                  | 0.25-a0-413-g3b4b6a4ccc
 45880 | Vaults:2 | Noticed a deep elf demonologist
 45891 | Vaults:2 | Noticed a Brimstone Fiend
 45891 | Vaults:2 | Killed a deep elf demonologist
 46221 | Vaults:2 | Found Zeiwuciu's Magic Scroll Shoppe.
 46227 | Vaults:2 | Bought a scroll of enchant armour for 112 gold pieces
 46227 | Vaults:2 | Bought a scroll of blinking for 112 gold pieces
 46586 | Vaults:2 | Found Zubamek's Jewellery Shoppe.
 46586 | Vaults:2 | Found Wyl Kaej's Gadget Shoppe.
 46587 | Vaults:2 | Found Parun's Jewellery Shoppe.
 46615 | Vaults:2 | Bought a +6 ring of slaying for 1869 gold pieces
 46619 | Vaults:2 | Bought a box of beasts for 280 gold pieces
 46619 | Vaults:2 | Bought a wand of iceblast (5) for 126 gold pieces
 46631 | Vaults:2 | Identified the cursed +0 ring mail "Yruor" {*Slow rC+
                  | Regen+ Slay+3} (You found it on level 1 of the Vaults)
 46747 | Vaults:2 | Found Dasem's Book Shoppe.
 46801 | Vaults:2 | Reached skill level 20 in Fighting
 46886 | Vaults:2 | Noticed Mennas
 46954 | Vaults:2 | Killed Mennas
 46954 | Vaults:2 | Reached XP level 22. HP: 147/152 MP: 34/34
 47707 | Vaults:3 | Found Wadouham's Antique Armour Emporium.
 47818 | Vaults:3 | Found Puxzopse's Antique Weapon Emporium.
 47839 | Vaults:3 | Found Eciotaod's Food Boutique.
 48893 | Vaults:3 | Found a staircase to the Crypt.
 49263 | Vaults:3 | Found Hinyd's Jewellery Shop.
 49337 | Vaults:3 | Noticed a deep elf demonologist
 49754 | Vaults:3 | Found Mepn's Antique Armour Boutique.
 49757 | Vaults:3 | Bought a runed cloak for 300 gold pieces
 50359 | Vaults:4 | Reached skill level 8 in Dodging
 50890 | Vaults:4 | Noticed Frederick
 50897 | Vaults:4 | Killed Frederick
 50898 | Vaults:4 | Found Fenuc's Antique Weapon Emporium.
 51073 | Vaults:4 | Found Siuniv's Food Shop.
 51137 | Vaults:4 | Found Oduicles's Antique Armour Shop.
 51140 | Vaults:4 | Bought a glowing cloak for 277 gold pieces
 51223 | Vaults:4 | Reached XP level 23. HP: 158/158 MP: 35/35
 51305 | Vaults:4 | Identified a scroll of acquirement
 51306 | Vaults:4 | Identified the ring "Ecuwuzi" {rF+ MP+9 Str+4} (You
                  | acquired it on level 4 of the Vaults)
 51750 | Crypt:1  | Entered Level 1 of the Crypt
 52161 | Crypt:1  | Found a runed translucent gate.
 52161 | Crypt:1  | Found a runed translucent gate.
 52163 | Crypt:1  | Found a runed translucent gate.
 52387 | Crypt:1  | Noticed Aizul
 52396 | Crypt:1  | Killed Aizul
 52742 | Crypt:1  | Reached skill level 17 in Invocations
 52764 | Crypt:1  | Reached skill level 17 in Armour
 52772 | Crypt:1  | Reached skill level 17 in Shields
 52772 | Crypt:1  | Reached skill level 13 in Evocations
 52887 | Crypt:1  | Noticed Donald
 52906 | Crypt:1  | Killed Donald
 53423 | Crypt:2  | Noticed a lich
 53432 | Crypt:2  | Killed a lich
 53756 | Crypt:2  | Reached skill level 9 in Dodging
 54369 | Crypt:3  | Entered Level 3 of the Crypt
 54369 | Crypt:3  | Noticed a lich
 54381 | Crypt:2  | Killed a lich
 54700 | Crypt:3  | Noticed a lich
 54705 | Crypt:3  | Noticed a curse skull
 54714 | Crypt:3  | Killed a curse skull
 55022 | Crypt:3  | Found a staircase to the Tomb.
 55083 | Crypt:3  | Found a runed translucent door.
 55083 | Crypt:3  | Noticed Hah Honi's ghost (adept GrFi)
 55272 | Crypt:3  | Reached skill level 21 in Fighting
 55330 | Crypt:3  | Noticed a curse toe
 55737 | Crypt:3  | Killed a curse toe
 55839 | Crypt:3  | Reached XP level 24. HP: 166/166 MP: 35/35
 55903 | Crypt:3  | Killed a lich
 55919 | Crypt:3  | Identified the +18 crystal plate armour "Fompahio" {rC+ rN+
                  | Dex+4}
 56018 | Crypt:3  | Found an ancient bone altar of Kikubaaqudgha.
 56025 | Crypt:3  | Found a basalt altar of Yredelemnul.
 56039 | Crypt:3  | Identified the +0 pair of gloves of Lemiuterph {Dex+3} (You
                  | found it on level 3 of the Crypt)
 56049 | Crypt:3  | Identified the Grimoire of Evil Rites
 56117 | Crypt:3  | Noticed Margery
 56127 | Crypt:3  | Killed Margery
 57603 | Depths:1 | Entered Level 1 of the Depths
 57604 | Depths:1 | Found a transporter.
 57669 | Depths:1 | Noticed Jicallu's ghost (veteran TeFE)
 57716 | Depths:1 | Identified the +6 demon whip "Jaemualys" {distort, Str+3
                  | Int+3}
 57881 | Depths:1 | Found a one-way gate to the infinite horrors of the Abyss.
 58026 | Depths:1 | Identified the amulet of the Echidna {Reflect rPois MR+
                  | Dex-4 SH+3 SInv} (You acquired it on level 1 of the Depths)
 58049 | Depths:1 | You fall into a shaft and drop 1 floor!
 58049 | Depths:2 | Noticed a lich
 58061 | Depths:2 | Killed a lich
 58076 | Depths:2 | You fall into a shaft and drop 2 floors!
 58259 | Depths:4 | Found a gateway to Hell.
 58669 | Depths:3 | Found an ornate altar of the Wu Jian Council.
 58874 | Depths:3 | Reached skill level 10 in Dodging
 59027 | Depths:3 | Noticed a deep elf sorcerer
 59027 | Depths:3 | Noticed a caustic shrike
 59027 | Depths:3 | Noticed a caustic shrike
 59028 | Depths:3 | Banished a caustic shrike
 59028 | Depths:3 | Noticed a caustic shrike
 59028 | Depths:3 | Noticed a caustic shrike
 59028 | Depths:3 | Noticed a caustic shrike
 59029 | Depths:3 | Banished a caustic shrike
 59030 | Depths:3 | Banished a caustic shrike
 59031 | Depths:3 | Banished a caustic shrike
 59033 | Depths:3 | Banished a caustic shrike
 59038 | Depths:3 | Killed a deep elf sorcerer
 59049 | Depths:3 | Paralysed by a floating eye for 2 turns
 59053 | Depths:3 | Found a basalt altar of Yredelemnul.
 59054 | Depths:3 | Corrupted Depths:3
 59109 | Depths:3 | Killed a caustic shrike
 59114 | Depths:3 | Noticed Jory
 59124 | Depths:3 | Killed Jory
 59130 | Depths:3 | Noticed a Brimstone Fiend
 59139 | Depths:3 | Noticed a caustic shrike
 59141 | Depths:3 | Noticed a caustic shrike
 59142 | Depths:3 | Noticed a caustic shrike
 59142 | Depths:3 | Noticed a caustic shrike
 59143 | Depths:3 | Banished a caustic shrike
 59145 | Depths:3 | Banished a caustic shrike
 59145 | Depths:3 | Reached skill level 18 in Armour
 59150 | Depths:3 | Killed a caustic shrike
 59150 | Depths:3 | Reached skill level 18 in Invocations
 59150 | Depths:3 | Reached skill level 14 in Evocations
 59151 | Depths:3 | Killed a caustic shrike
 59165 | Depths:3 | Reached skill level 18 in Shields
 59512 | Depths:3 | Identified the +2 ring mail of Proximity {Stlth+} (You
                  | found it on level 3 of the Depths)
 59645 | Depths:3 | Found a burning altar of Makhleb.
 59652 | Depths:3 | Found a one-way gate leading to the halls of Pandemonium.
 59670 | Depths:3 | Identified the ring "Puukk" {rF+ AC+1 Int-2 Dex+3} (You
                  | found it on level 3 of the Depths)
 59948 | Depths:3 | Found a sacrificial altar of Ru.
 60538 | Depths:2 | Found a sparkling altar of Nemelex Xobeh.
 60550 | Depths:2 | Reached XP level 25. HP: 172/172 MP: 36/36
 60640 | Depths:2 | Noticed a lich
 60647 | Depths:2 | Killed a lich
 60802 | Depths:2 | Noticed a Tzitzimitl
 60803 | Depths:2 | Noticed a Tzitzimitl
 61403 | Depths:2 | Found a sparkling altar of Nemelex Xobeh.
 62144 | Depths:1 | Found a transporter.
 63529 | Depths:2 | Noticed a lich
 63534 | Depths:2 | Killed a lich
 63610 | Depths:2 | Noticed a lich
 63612 | Depths:2 | Killed a lich
 63612 | Depths:2 | Reached skill level 15 in Slings
 63612 | Depths:2 | Reached skill level 1 in Throwing
 63672 | Depths:2 | Reached skill level 2 in Throwing
 63730 | Depths:2 | Reached skill level 3 in Throwing
 63805 | Depths:2 | Reached skill level 4 in Throwing
 64053 | Depths:2 | Reached skill level 5 in Throwing
 64512 | Depths:4 | Reached skill level 6 in Throwing
 64599 | Depths:4 | Reached skill level 7 in Throwing
 64648 | Depths:4 | Reached skill level 8 in Throwing
 64764 | Depths:4 | Noticed a lich
 64777 | Depths:4 | Killed a lich
 64777 | Depths:4 | Reached skill level 9 in Throwing
 64867 | Depths:4 | Found a burning altar of Makhleb.
 64939 | Depths:4 | Reached skill level 10 in Throwing
 64978 | Depths:4 | Noticed a deep elf demonologist
 64992 | Depths:4 | Killed a deep elf demonologist
 65058 | Depths:4 | Noticed a lich
 65064 | Depths:4 | Killed a lich
 65064 | Depths:4 | Reached skill level 11 in Throwing
 65163 | Depths:4 | Identified the Disquisition on Attacks
 65577 | Depths:5 | Entered Level 5 of the Depths
 65960 | Depths:5 | Found a magical portal.
 66390 | Depths:5 | Reached skill level 12 in Throwing
 66417 | Depths:5 | Reached XP level 26. HP: 141/179 MP: 36/36
 66703 | Depths:5 | Reached skill level 22 in Fighting
 66915 | Depths:5 | Found a gate to the Realm of Zot.
 67203 | Depths:5 | Noticed a juggernaut
 67214 | Depths:5 | Killed a juggernaut
 67214 | Depths:5 | Reached skill level 13 in Throwing
 67221 | Depths:5 | Identified the cursed +1 long sword of Yteafona {slice,
                  | rF+}
 67281 | Depths:5 | Found a gateway to a ziggurat.
 67502 | Depths:5 | Noticed a juggernaut
 67515 | Depths:5 | Killed a juggernaut
 68224 | Vaults:5 | Entered Level 5 of the Vaults
 68225 | Vaults:5 | Corrupted Vaults:5
 68292 | Vaults:5 | Killed Sojobo
 68332 | Vaults:5 | Killed a deep elf demonologist
 68695 | Vaults:5 | Reached skill level 23 in Fighting
 69055 | Vaults:5 | Identified the +7 chain mail of Autumn {Str+4 Dex+3 Slay+3
                  | Stlth-}
 69262 | Vaults:5 | Noticed a deep elf demonologist
 69272 | Vaults:5 | Killed a deep elf demonologist
 69312 | Vaults:5 | Noticed a lich
 69323 | Vaults:5 | Killed a lich
 69745 | Vaults:5 | Noticed an ancient lich
 69753 | Vaults:5 | Noticed a Brimstone Fiend
 69762 | Vaults:5 | Killed an ancient lich
 69772 | Vaults:5 | Reached XP level 27. HP: 189/189 MP: 36/36
 70031 | Vaults:5 | Reached skill level 24 in Fighting
 70221 | Vaults:5 | Reached skill level 11 in Dodging
 70407 | Vaults:5 | Got a silver rune of Zot
 70594 | Vaults:5 | Got a pair of translucent gloves
 70864 | Vaults:5 | Identified the +2 pair of gloves of Focus {*Slow MR++
                  | rCorr} (You found it on level 5 of the Vaults)
 70868 | Vaults:5 | Identified the +11 hunting sling of Awkwardness {velocity,
                  | +Blink Str+4} (You found it on level 5 of the Vaults)
 71252 | Depths:5 | Identified the +4 hand crossbow of Amorality {velocity,
                  | rPois rN+ Str+4} (You found it on level 5 of the Depths)
 71291 | Zot:1    | Entered Level 1 of the Realm of Zot
 71299 | Zot:1    | Corrupted Zot:1
 71299 | Zot:1    | Noticed a deep elf sorcerer
 73873 | Zot:1    | Identified the ring of Efuleupamp {Fire rN+ Str+4} (You
                  | found it on level 1 of the Realm of Zot)
 73952 | Zot:2    | Reached skill level 19 in Armour
 73952 | Zot:2    | Reached skill level 15 in Evocations
 73984 | Zot:2    | Reached skill level 19 in Shields
 73984 | Zot:2    | Reached skill level 19 in Invocations
 74617 | Zot:2    | Corrupted Zot:2
 74694 | Zot:2    | Noticed an orb of fire
 74724 | Zot:2    | Gained mutation: Potions are less effective at restoring
                  | your health. [an orb of fire]
 74732 | Zot:2    | Gained mutation: You do not regenerate when monsters are
                  | visible. [an orb of fire]
 74743 | Zot:2    | Killed an orb of fire
 74969 | Zot:2    | Noticed an ancient lich
 74982 | Zot:2    | HP: 41/190 [balrug/bolt of fire[an ancient lich] (43)]
 74986 | Zot:2    | Killed an ancient lich
 74989 | Zot:2    | HP: 45/190 [black draconian monk/bolt of lightning (6)]
 75702 | Zot:2    | Found a stormy altar of Qazlal.
 75726 | Zot:2    | Identified the ring "Peteab" {Wiz rF+ SInv} (You found it
                  | on level 2 of the Realm of Zot)
 75972 | Zot:4    | Noticed an ancient lich
 75974 | Zot:4    | Noticed an orb of fire
 76002 | Zot:5    | Entered Level 5 of the Realm of Zot
 76799 | Zot:4    | Reached skill level 20 in Armour
 76860 | Zot:4    | Killed an orb of fire
 76860 | Zot:4    | Reached skill level 20 in Shields
 76860 | Zot:4    | Reached skill level 20 in Invocations
 77334 | Zot:4    | Identified the +11 trident of Naelaschu {antimagic, Int+3
                  | SInv}
 77776 | Zot:4    | Killed an ancient lich
 78346 | Zot:5    | Corrupted Zot:5
 78454 | Zot:5    | Noticed an orb of fire
 78465 | Zot:5    | Gained mutation: You are frail. (-10% HP) [an orb of fire]
 78465 | Zot:5    | Noticed an orb of fire
 78468 | Zot:5    | Noticed an orb of fire
 78802 | Abyss:1  | Killed Grum
 78888 | Zot:4    | Escaped the Abyss
 78888 | Zot:4    | Gained mutation: Your body sometimes deteriorates upon
                  | taking damage. [an orb of fire]
 78910 | Zot:4    | Killed an orb of fire
 78911 | Zot:4    | Gained mutation: Armour fits poorly on your strangely
                  | shaped body. [an orb of fire]
 78915 | Zot:4    | Killed an orb of fire
 79273 | Zot:4    | Gained mutation: You are weak. (Str -2) [an orb of fire]
 79279 | Zot:4    | Gained mutation: You are very weak. (Str -4) [an orb of
                  | fire]
 79282 | Zot:4    | Killed an orb of fire
 79377 | Zot:5    | Noticed a curse toe
 79386 | Zot:5    | Killed a curse toe
 79749 | Zot:4    | Reached skill level 21 in Armour
 79758 | Zot:4    | Reached skill level 21 in Shields
 79917 | Zot:5    | Noticed an orb of fire
 80054 | Zot:4    | Gained mutation: Your body often deteriorates upon taking
                  | damage. [an orb of fire]
 80060 | Zot:4    | Gained mutation: You tend to lose your temper in combat.
                  | [an orb of fire]
 80061 | Zot:4    | Killed an orb of fire
 80894 | Zot:5    | Noticed an orb of fire
 80896 | Zot:5    | Gained mutation: Your magical capacity is low. (-10% MP)
                  | [an orb of fire]
 80908 | Zot:5    | Killed an orb of fire
 80908 | Zot:5    | Reached skill level 22 in Armour
 80994 | Zot:5    | Reached skill level 22 in Shields
 81007 | Zot:5    | Noticed an ancient lich
 81013 | Zot:5    | Noticed an ancient lich
 81016 | Zot:5    | Killed an ancient lich
 81023 | Zot:5    | Killed an ancient lich
 81155 | Zot:5    | Got the Orb of Zot
 81190 | Zot:5    | Noticed Pawnagiz the pandemonium lord
 81190 | Zot:5    | Noticed a Tzitzimitl
 81197 | Zot:4    | Noticed Raaxalew the pandemonium lord
 81277 | Zot:2    | Noticed a Tzitzimitl
 81306 | Depths:5 | Noticed Kaul the pandemonium lord
 81880 | D:$      | Escaped with the Orb!

Table legend:
 A = Turns spent in this place as a percentage of turns spent in the entire game.
 B = Non-inter-level travel turns spent in this place as a percentage of non-inter-level travel turns spent in the entire game.
 C = Inter-level travel turns spent in this place as a percentage of turns spent in this place.
 D = Turns resting spent in this place as a percentage of non-inter-level travel turns spent in this place.
 E = Turns spent auto-exploring this place as a percentage of non-inter-level travel turns spent in this place.
 F = Non-inter-level travel turns spent in this place divided by the number of levels of this place that you've seen.
                   A       B       C       D       E      F
               +-------+-------+-------+-------+-------+----------------------
         Total | 100.0 | 100.0 |  12.9 |   7.0 |  69.3 | 1229.4
       Dungeon |  24.0 |  23.4 |  15.3 |   1.1 |  78.5 | 1110.4
          Lair |  10.6 |  10.7 |  11.9 |   2.2 |  78.5 | 1275.3
        Shoals |   5.9 |   6.1 |   9.7 |   3.0 |  72.0 | 1090.8
   Spider Nest |   5.2 |   5.7 |   4.7 |   1.5 |  77.5 | 1014.5
  Orcish Mines |   3.4 |   2.7 |  32.7 |   4.2 |  69.1 | 946.0
   Elven Halls |   9.1 |   8.9 |  15.0 |   9.4 |  65.3 | 2118.0
        Vaults |  13.5 |  13.1 |  15.5 |   0.1 |  73.9 | 1870.8
         Crypt |   5.7 |   6.1 |   7.3 |   0.3 |  71.4 | 1440.7
        Depths |  12.7 |  12.4 |  14.9 |   5.8 |  68.7 | 1772.2
           Zot |   8.7 |   9.7 |   3.0 |  40.5 |  33.2 | 1385.2
         Abyss |   1.0 |   1.2 |   0.0 |  49.2 |  21.5 | 168.0
        Wizlab |   0.0 |   0.0 |   0.0 |   0.0 |   0.0 |  27.0
               +-------+-------+-------+-------+-------+----------------------

Table legend:
 A = Kills in this place as a percentage of kills in entire the game.
 B = Kills by you in this place as a percentage of kills by you in the entire game.
 C = Kills by friends in this place as a percentage of kills by friends in the entire game.
 D = Other kills in this place as a percentage of other kills in the entire game.
 E = Experience gained in this place as a percentage of experience gained in the entire game.
 F = Experience gained in this place divided by the number of levels of this place that you have seen.
                   A       B       C       D       E      F
               +-------+-------+-------+-------+-------+----------------------
         Total | 100.0 | 100.0 |   N/A | 100.0 | 100.0 | 28660.6
       Dungeon |  19.0 |  19.1 |   N/A |  17.5 |   4.3 | 4716.4
          Lair |   8.9 |   9.1 |   N/A |   4.8 |   4.6 | 12655.3
        Shoals |   7.3 |   7.4 |   N/A |   4.8 |   6.2 | 25842.5
   Spider Nest |   6.6 |   6.8 |   N/A |   2.4 |   4.9 | 20435.8
  Orcish Mines |   6.3 |   6.4 |   N/A |   4.8 |   0.7 | 6161.0
   Elven Halls |   7.9 |   8.1 |   N/A |   4.0 |   9.7 | 53566.3
        Vaults |  17.8 |  17.4 |   N/A |  24.6 |  21.8 | 72344.0
         Crypt |   6.7 |   7.0 |   N/A |   1.6 |   8.1 | 44636.3
        Depths |  12.7 |  12.1 |   N/A |  23.8 |  19.0 | 63172.4
           Zot |   5.5 |   5.2 |   N/A |  11.9 |  19.6 | 65223.2
         Abyss |   1.4 |   1.4 |   N/A |   0.0 |   1.2 | 3978.6
               +-------+-------+-------+-------+-------+----------------------

Action                   |  1- 3 |  4- 6 |  7- 9 | 10-12 | 13-15 | 16-18 | 19-21 | 22-24 | 25-27 || total
-------------------------+-------+-------+-------+-------+-------+-------+-------+-------+-------++-------
Melee: Mace              |   136 |   259 |   300 |       |       |       |       |       |       ||   695
       Flail             |       |       |    10 |     5 |       |       |       |       |       ||    15
       Morningstar       |       |       |       |       |       |     5 |       |       |       ||     5
       Fustibalus        |       |       |       |       |       |       |       |     2 |       ||     2
       Eveningstar       |       |       |       |       |       |       |       |       |     4 ||     4
       Unarmed           |       |       |       |       |       |       |       |       |     1 ||     1
 Fire: Hunting sling     |       |    45 |       |       |       |       |       |       |       ||    45
       Fustibalus        |       |       |   325 |   827 |  1144 |  1850 |  1807 |  2164 |  2750 || 10867
Throw: Stone             |    24 |    75 |    11 |       |       |       |       |       |       ||   110
       Throwing net      |       |       |       |     2 |       |     4 |       |     1 |       ||     7
       Javelin           |       |       |       |       |       |     1 |       |       |    29 ||    30
Invok: Depart the Abyss  |     1 |       |       |       |       |       |     1 |       |     1 ||     3
       Banish            |       |       |     4 |    20 |    12 |    17 |    22 |    33 |    20 ||   128
       Bend Space        |       |       |       |       |       |       |     1 |     1 |       ||     2
       Enter the Abyss   |       |       |       |       |       |       |     1 |       |     1 ||     2
       Corrupt           |       |       |       |       |       |       |     1 |     1 |     4 ||     6
 Abil: Fly               |       |       |       |       |       |       |     1 |       |       ||     1
       Stop Flying       |       |       |       |       |       |       |     1 |       |       ||     1
Evoke: Wand              |       |       |       |     3 |       |       |     2 |     5 |     3 ||    13
       Lamp of fire      |       |       |       |       |       |       |       |       |     1 ||     1
       Fan of gales      |       |       |       |       |       |       |       |       |     1 ||     1
  Use: Scroll            |       |     2 |    11 |    15 |    12 |     4 |    16 |    15 |    22 ||    97
       Potion            |       |       |       |       |       |       |     4 |     3 |    31 ||    38
  Eat: Chunk             |     2 |     8 |    17 |    28 |    21 |    30 |    26 |    33 |    13 ||   178
       Ration            |       |       |     1 |       |     2 |     2 |     4 |     5 |    20 ||    34
Armor: Leather armour    |    67 |     5 |       |       |       |       |       |       |       ||    72
       Scale mail        |       |   146 |   151 |       |       |       |       |       |       ||   297
       Plate armour      |       |       |   146 |   195 |    51 |       |       |       |       ||   392
       Gold dragon scale |       |       |       |       |   148 |   373 |   292 |   319 |       ||  1132
       Crystal plate arm |       |       |       |       |       |       |       |   137 |   549 ||   686
Dodge: Dodged            |    94 |   138 |   155 |    71 |    36 |   105 |    80 |   130 |   228 ||  1037
       Deflected         |       |       |       |       |       |    21 |    26 |     7 |    26 ||    80
Block: Shield            |       |       |   146 |    55 |       |       |       |       |       ||   201
       Large shield      |       |       |       |   463 |   559 |  1007 |   991 |  1627 |  1703 ||  6350
       Reflection        |       |       |       |       |       |       |    63 |    92 |   110 ||   265

Vanquished Creatures
  7 orbs of fire
  Mara (Spider:3)
  Mennas (Vaults:2)
  5 ancient liches
  2 juggernauts (Depths:5)
  Frederick (Vaults:4)
  3 Killer Klowns
  Margery (Crypt:3)
  A caustic shrike (Depths:3)
  2 curse toes
  9 golden dragons
  A bone dragon (Abyss:1)
  A profane servitor (Crypt:3)
  Jory (Depths:3)
  An electric golem (Zot:4)
  10 liches
  14 tentacled monstrosities
  20 Orb Guardians
  9 titans
  2 deep elf blademasters
  4 quicksilver dragons
  A sphinx (Depths:4)
  2 deep elf master archers (Elf:3)
  An Executioner (D:12)
  3 death cobs
  6 ancient champions (Crypt:3)
  Polyphemus (Shoals:4)
  2 krakens (Shoals:4)
  An acid blob (Zot:5)
  Agnes (D:15)
  2 tentacled starspawn (Abyss:1)
  8 shadow dragons
  7 draconian monks
  9 storm dragons
  Donald (Crypt:1)
  9 tengu reavers
  4 revenants
  7 fire giants
  3 iron dragons
  6 frost giants
  7 ghost moths
  4 emperor scorpions
  15 deep elf sorcerers
  4 draconian knights
  A draconian shifter (Zot:4)
  11 vault wardens
  A caustic shrike zombie (Crypt:1)
  A draconian scorcher (Zot:2)
  A curse skull (Crypt:3)
  3 draconian stormcallers
  Aizul (Crypt:1)
  3 draconian annihilators
  5 deep elf elementalists
  A reaper (Depths:3)
  7 ghouls
  10 stone giants
  4 war gargoyles
  2 entropy weavers (Spider:1)
  23 very ugly things
  A spriggan defender (Depths:5)
  13 ironheart preservers
  5 vampire knights
  2 green draconians
  6 purple draconians
  6 deep elf demonologists
  2 lorocyprocas (Depths:1)
  6 red draconians
  8 deep elf annihilators
  3 yellow draconians
  3 black draconians
  3 spark wasps
  9 white draconians
  4 eidola
  3 blizzard demons
  11 deep elf death magi
  2 merfolk javelineers (Shoals:4)
  9 ettins
  5 merfolk impalers
  15 fire dragons
  9 yaktaur captains
  A quicksilver dragon zombie (Crypt:3)
  8 deep elf high priests
  7 great orbs of eyes
  10 jiangshi
  Harold (D:8)
  A hell beast (Zot:2)
  2 rakshasas (Vaults:3)
  7 hydras
  30 vault guards
  8 ice dragons
  6 spriggan air magi
  6 centaur warriors
  A juggernaut simulacrum (Depths:1)
  A hydra (shapeshifter) (Vaults:5)
  6 death knights
  4 merfolk aquamancers
  5 merfolk avatars
  2 catoblepae
  44 dancing weapons
  4 alligator snapping turtles (Shoals:4)
  30 two-headed ogres
  11 ogre magi
  5 satyrs
  6 tengu warriors
  22 death yaks
  9 deep troll earth magi
  11 spriggan berserkers
  4 deep troll shamans
  8 vampire magi
  2 spriggans (Depths:5)
  A titan skeleton (Depths:1)
  29 deep elf knights
  6 soul eaters
  13 hell knights
  2 quicksilver dragon simulacra (Depths:3)
  A fire crab (shapeshifter) (Vaults:5)
  A fire crab (Lair:6)
  A sixfirhy (D:7)
  8 shadow wraiths
  7 unseen horrors
  A wretched star (Abyss:1)
  21 skeletal warriors
  A storm dragon skeleton (Crypt:1)
  7 flayed ghosts
  A glowing orange brain (shapeshifter) (Vaults:1)
  A golden dragon skeleton (Crypt:1)
  A shadow demon (Depths:1)
  An anaconda skeleton (Crypt:3)
  2 glowing orange brains
  17 deep elf archers
  A lindwurm (shapeshifter) (Depths:4)
  A kraken simulacrum (Shoals:4)
  25 deep trolls
  8 phantasmal warriors
  5 wizards
  22 harpies
  11 necromancers
  10 sea snakes
  4 lindwurms (Lair:4)
  14 orc knights
  19 orb spiders
  A sphinx zombie (Crypt:1)
  14 ironbrand convokers
  A wolf spider (shapeshifter) (Vaults:2)
  2 orb spiders (shapeshifter)
  45 ugly things
  76 deep elf magi
  2 mana vipers (shapeshifter)
  A stone giant zombie (Vaults:2)
  2 iron dragon skeletons
  3 orc sorcerers (Orc:2)
  7 oklob plants (Lair:5)
  13 fauns
  7 cyclopes
  18 manticores
  2 elephants (Lair:6)
  9 merfolk sirens
  27 wolf spiders
  13 moths of wrath
  An elephant (shapeshifter) (Depths:4)
  2 frost giant skeletons
  A frost giant zombie (Crypt:1)
  A shock serpent zombie (Crypt:1)
  14 vault sentinels
  6 black mambas
  9 water nymphs
  A stone giant skeleton (Crypt:3)
  8 spiny frogs
  An ice statue (Depths:3)
  A spriggan zombie (Depths:1)
  3 torpor snails
  A dire elephant zombie (Crypt:3)
  5 rust devils (Depths:3)
  An orange demon (Abyss:1)
  4 smoke demons
  3 gargoyles
  A kobold demonologist (Depths:1)
  A spiny frog (shapeshifter) (D:14)
  2 grey draconian zombies
  4 rime drakes
  A rime drake (shapeshifter) (Vaults:4)
  9 demonic crawlers
  3 komodo dragons
  15 freezing wraiths
  27 yaktaurs
  A pale draconian skeleton (Crypt:2)
  A dire elephant skeleton (Crypt:1)
  A tormentor (D:6)
  2 efreet
  A red draconian skeleton (Crypt:1)
  A black draconian skeleton (Crypt:3)
  2 ice devils
  2 tengu conjurers
  A catoblepas skeleton (Crypt:3)
  A human skeleton (Vaults:2)
  A queen bee (shapeshifter) (Depths:1)
  33 merfolk
  A yellow draconian skeleton (Crypt:1)
  31 jumping spiders
  9 trolls
  A harpy zombie (D:14)
  A troll (shapeshifter) (Depths:1)
  3 polar bears
  3 wind drakes
  38 blink frogs
  2 hornets (shapeshifter)
  10 large abominations
  A bog body (Crypt:3)
  A harpy skeleton (Crypt:3)
  10 hornets
  11 dream sheep
  10 hippogriffs
  A meliai zombie (D:14)
  7 slime creatures
  2 ettin zombies (Crypt:3)
  7 raiju (Abyss:1)
  10 snapping turtles
  16 flying skulls
  4 air elementals
  A spriggan (shapeshifter) (Vaults:4)
  9 water elementals
  A satyr skeleton (Crypt:2)
  3 ettin skeletons
  8 fire elementals
  A human (shapeshifter) (Vaults:4)
  26 tarantellas
  48 yaks
  2 shadows
  4 vampires (Crypt:3)
  Grum (Abyss:1)
  A dire elephant simulacrum (Crypt:1)
  2 hogs (shapeshifter)
  41 redbacks
  A human (D:14)
  2 wyverns
  An elf zombie (Depths:1)
  13 wraiths
  A neqoxec (Abyss:1)
  2 vampire mosquitoes (D:15)
  2 hungry ghosts
  A steam dragon (D:10)
  A basilisk (shapeshifter) (Elf:3)
  4 basilisks
  A merfolk zombie (Crypt:3)
  10 wargs
  An orb spider zombie (Crypt:2)
  A gelid demonspawn zombie (Crypt:2)
  A warg (shapeshifter) (Vaults:1)
  A human zombie (Vaults:2)
  A two-headed ogre zombie (Crypt:3)
  A water moccasin (shapeshifter) (Depths:5)
  An acid dragon (Vaults:2)
  8 water moccasins
  9 porcupines
  2 floating eyes (Elf:1)
  36 orc warriors
  7 ettin simulacra
  An eye of draining (shapeshifter) (Depths:5)
  4 necrophages
  11 boggarts
  2 black bears
  A black bear (shapeshifter) (Vaults:2)
  17 wolves
  An ogre (shapeshifter) (Vaults:5)
  5 phantoms
  A swamp dragon skeleton (Crypt:1)
  31 centaurs
  29 ogres
  A rime drake zombie (Crypt:1)
  11 crocodiles
  4 big kobolds
  15 bullfrogs
  A cyclops zombie (Crypt:3)
  An elf skeleton (Crypt:1)
  A glowing shapeshifter simulacrum (Vaults:2)
  6 earth elementals
  2 wyvern zombies
  A wyvern skeleton (D:11)
  3 scorpions
  17 killer bees
  A polar bear skeleton (Crypt:1)
  2 troll skeletons (Crypt:1)
  6 electric eels
  A vampire bat (D:8)
  8 wights
  5 howler monkeys
  6 crimson imps
  3 quasits
  2 bullfrog zombies
  A centaur zombie (D:5)
  2 elf simulacra
  A wolf skeleton (Crypt:1)
  11 hounds
  2 jellies
  19 orc priests
  2 bullfrog skeletons
  6 centaur skeletons
  47 orc wizards
  6 small abominations
  7 iguanas
  10 worker ants
  A dwarf zombie (Crypt:2)
  A demigod skeleton (Crypt:2)
  A naga skeleton (Abyss:1)
  An ogre skeleton (Crypt:2)
  A dwarf skeleton (Crypt:3)
  A tengu skeleton (Crypt:3)
  2 worker ant zombies
  10 gnolls
  14 adders
  4 shadow imps
  A steam dragon skeleton (Crypt:1)
  An ufetubus (Abyss:1)
  6 worms
  2 dart slugs (D:1)
  6 leopard geckos
  125 orcs
  A ball python (D:1)
  14 bats
  3 giant cockroaches
  32 hobgoblins
  10 jackals
  6 quokkas
  6 frilled lizards
  39 goblins
  25 kobolds
  2 leopard gecko skeletons (D:4)
  2 rats
  3 crawling corpses (Vaults:3)
  A starspawn tentacle (Abyss:1)
  3 tentacles (Shoals:4)
2391 creatures vanquished.

Vanquished Creatures (others)
  Sojobo (Vaults:5)
  5 caustic shrikes (Depths:3)
  4 golden dragons
  A tentacled monstrosity (Zot:1)
  2 deep elf master archers (Elf:3)
  A titan (Zot:2)
  A quicksilver dragon (Depths:3)
  A deep elf blademaster (Elf:3)
  2 death cobs
  3 tengu reavers (Vaults:5)
  2 storm dragons
  An iron dragon (Zot:2)
  3 draconian monks (Zot:2)
  A deep elf sorcerer (Elf:3)
  A fire giant (Depths:5)
  A draconian scorcher (Zot:1)
  A draconian knight (Zot:2)
  3 vault wardens
  A deep elf elementalist (Elf:3)
  A balrug (Depths:3)
  An ironheart preserver (Vaults:5)
  A draconian annihilator (Zot:1)
  7 stone giants
  2 yellow draconians
  An entropy weaver (Spider:3)
  A green draconian (Zot:1)
  3 deep elf demonologists
  2 deep elf annihilators
  A red draconian (Zot:1)
  3 spark wasps (Depths:3)
  A deep elf death mage (Elf:3)
  2 ettins
  3 merfolk impalers (Shoals:4)
  A great orb of eyes (Vaults:5)
  6 yaktaur captains
  3 deep elf high priests
  4 vault guards (Vaults:5)
  2 ice dragons (Zot:2)
  3 hydras
  A rakshasa (Depths:4)
  2 spriggan air magi
  4 centaur warriors
  A dancing weapon (Zot:2)
  An ogre mage (D:15)
  3 two-headed ogres
  A deep troll shaman (Depths:4)
  9 tengu warriors (Depths:3)
  A deep troll earth mage (Vaults:4)
  An orc high priest (Elf:2)
  A vampire mage (Crypt:3)
  3 sun demons (Depths:3)
  3 spriggan berserkers (Depths:3)
  A deep elf knight (D:14)
  A wizard (Depths:3)
  A deep troll (Depths:4)
  2 glowing orange brains (Depths:3)
  An unseen horror (D:12)
  An unseen horror (shapeshifter) (Vaults:2)
  An ironbrand convoker (Vaults:5)
  A phantasmal warrior (Vaults:5)
  An orc knight (Vaults:5)
  A necromancer (Crypt:1)
  6 deep elf archers
  6 deep elf magi
  An ugly thing (D:14)
  6 orc sorcerers (Orc:2)
  2 cyclopes
  A moth of wrath (shapeshifter) (Vaults:4)
  2 manticores
  7 moths of wrath
  3 rust devils (Depths:3)
  A vault sentinel (Vaults:5)
  2 efreet (Depths:3)
  19 yaktaurs
  4 red devils (Depths:3)
  3 meliai
  4 tengu conjurers
  A wind drake (Shoals:4)
  5 dream sheep (Lair:1)
  A spatial vortex (Vaults:5)
  2 hell hounds (Depths:3)
  An acid dragon (D:9)
  An orc warrior (Vaults:5)
  2 boggarts (Depths:2)
  3 centaurs
  3 orc priests
  An orc wizard (Vaults:5)
  3 orcs
  9 fungi
  31 plants
  37 starspawn tentacles
  42 tentacles (Shoals:4)
334 creatures vanquished.

Grand Total: 2725 creatures vanquished You could see a torturous demonspawn and an orange demon.

Levels and vault maps discovered:
D:1:      wander_arrival_desolate, layout_loops_ring, nrook_uturn
D:2:      layout_rooms, nicolae_overflow_hidden_temple
D:3:      minmay_goblin_kobold_castle, layout_basic, nrook_loot_triangle,
          st_stairs_12, dk_vineyard_2
D:4:      minmay_polygon_palace, layout_basic, first_ration, serial_shops,
          shop_statue, nicolae_underground_beach
D:5:      layout_basic, old_standard_altar, kennysheep_dice
D:6:      layout_loops_ring, minmay_temple_entry_tees, uniq_edmund
D:7:      layout_cave_pools, grunt_ogre_cave, chequers_serial_rivers_micro_a
D:8:      layout_loops_ring, old_standard_altar, serial_shops,
          nicolae_shop_waterfront, roderic_batcave, uniq_gastronok, uniq_harold,
          uniq_grum
D:9:      layout_loops_ring, erik_lair_island, fedhas_altar_4, uniq_maurice,
          uniq_psyche
D:10:     layout_roguey, chequers_serial_rivers_micro_b
D:11:     layout_roguey, david_orc_2, minmay_liquid_box,
          kennysheep_generic_room_3
D:12:     layout_rooms
D:13:     layout_long_grid
D:14:     layout_small_grid, grunt_vaults_entry_fortified, serial_shops, shop,
          minmay_holes
D:15:     grunt_enter_depths_hoard, layout_basic, uniq_agnes
Lair:1:   layout_cave_pods, kb_xom_exploding_sheep, uniq_nergalle
Lair:2:   layout_regular_city, infiniplex_staircase_pool_2
Lair:3:   layout_chaotic_city, minmay_shoals_entry_centaurs
Lair:4:   layout_gridlike, nicolae_spider_entry_tight_spaces,
          minmay_lindwurm_lava
Lair:5:   layout_cave_pods, dpeg_oklob_1, serial_bayou_shore_b,
          minmay_lair_oklob_chamber, uniq_urug
Lair:6:   hangedman_lair_in_review, layout_regular_city,
          dpeg_slime_entry_enclosed_altar
Shoals:1: layout_shoals
Shoals:2: layout_shoals, serial_shops, shop_fountains, lemuel_altar_in_water
Shoals:3: cheibrodos_shoals_satyrical_garden, layout_shoals,
          nicolae_shoals_square_sea_wall
Shoals:4: shoals_end_grunt_ice, layout_shoals, uniq_polyphemus, uniq_bai_suzhen
Spider:1: layout_spider_delve
Spider:2: layout_chambers
Spider:3: layout_spider_delve, gammafunk_ghost_tricky_traps
Spider:4: spider_rune_water, uniq_mara
Orc:1:    layout_diamond_mine, serial_shops, shop, shop, shop,
          nicolae_shop_crystal, bloody_makhleb
Orc:2:    st_orc_town, layout_diamond_mine, serial_shops, shop,
          nicolae_orc_pool_cavern, mines2_david
Elf:1:    minmay_elf_arrival_plus, layout_loops_corners,
          hangedman_corner_corridor, fountainhead, drop_trap, st_stairs_3,
          onia_ninara_cookie
Elf:2:    layout_gridlike, gammafunk_ghost_tricky_traps, minivault_28
Elf:3:    minmay_elf_hall_four_x, layout_loops_corners
Vaults:1: ontoclasm_vaults_tryst, v_misc_11, nicolae_vaults_little_squares_6,
          nicolae_vaults_what_the_h, v_misc_29, ontoclasm_vaults_fault,
          hangedman_vaults_hat, vaults_mumra_chevron_long,
          nicolae_vaults_specimen_jars, st_cells, nicolae_vaults_gold_heap,
          layout_vaults_omnibox, serial_shops, shop
Vaults:2: nicolae_vaults_stairing_the_circle, ontoclasm_vaults_eye, v_misc_9,
          nicolae_vaults_network_barrier, nicolae_vaults_border_crossing,
          layout_vaults_quadrants, serial_shops, shop, shop_statue,
          nicolae_shop_stone, shop, nicolae_shop_crystal, uniq_mennas
Vaults:3: minmay_crypt_entry_simple_statues, ontoclasm_vaults_claustrophobia,
          hangedman_vaults_slither, vaults_room_fancy_cross,
          nicolae_vaults_hallways_thing, grunt_vaults_funnel,
          nicolae_vaults_network_star, v_misc_1, nicolae_vaults_rhombus_6,
          layout_vaults_chaotic_city, serial_shops, shop,
          nicolae_shop_behind_doors, nicolae_shop_behind_doors,
          nicolae_shop_stone, shop
Vaults:4: st_star, nicolae_vaults_little_squares_1, vaults_room_door_hall,
          vaults_mumra_minichess, ontoclasm_vaults_hangar, vaults_dpeg_spiral,
          ontoclasm_vaults_ring_square, hangedman_vaults_slice,
          ontoclasm_vaults_pinch, vaults_room_fancy_cross,
          hangedman_vaults_impose, hangedman_vaults_corner, v_misc_26,
          nicolae_vaults_theta, hangedman_vaults_restitches,
          ontoclasm_vaults_twist, layout_vaults_ring, serial_shops, shop,
          nicolae_shop_behind_doors, shop, uniq_frederick
Vaults:5: serial_shops, uniq_sojobo
Crypt:1:  layout_chaotic_city, pandoras_box_mu, grunt_crypt_arrival_webbed,
          uniq_donald, uniq_aizul
Crypt:2:  layout_chaotic_city, nicolae_crypt_ancient_font, minivault_5
Crypt:3:  lightli_unholy_cathedral, layout_chaotic_city,
          tomb_entry_forgotten_bobbens, ebering_ghost_inner_flame,
          grunt_megastairs_3, uniq_margery
Depths:1: layout_cave_shapes, minmay_misc_feat_secret_circle, pan_entry,
          gammafunk_ghost_abyssal_escape, abyss_entry, hell_entry,
          nrook_kobold_shadow_demons
Depths:2: cheibrodos_tormentor_scu, layout_gridville,
          nemelex_xobeh_ov_fountains_minmay, hell_entry, minmay_room_of_horrors,
          nemelex_diamond_rough_becter, minmay_staircase_statues_hall_small
Depths:3: grunt_profane_halls [grunt_profane_temple_geh,
          grunt_profane_temple_dis, grunt_profane_temple_tar,
          grunt_profane_temple_coc, grunt_profane_loot], hell_entry, pan_entry,
          abyss_entry, uniq_jory
Depths:4: minmay_the_grid_triangle_9x9_rhombus_full
          [minmay_the_grid_triangle_9x9_cache,
          minmay_the_grid_triangle_9x9_shrine,
          minmay_the_grid_triangle_9x9_descending_squares,
          minmay_the_grid_triangle_9x9_sparse_checkered,
          minmay_the_grid_triangle_9x9_negative_grid,
          minmay_the_grid_triangle_9x9_dagger,
          minmay_the_grid_triangle_9x9_empty,
          minmay_the_grid_triangle_9x9_prize_center], layout_small_grid,
          hangedman_abyss_or_decor_stagger, pf_vacation_house_of_asmodeus,
          hangedman_abyss_entry_splay, kennysheep_generic_room_5,
          serial_bayou_shore_a
Depths:5: grunt_zot_entry_bicorn, layout_basic, enter_ziggurat_b,
          mu_enter_wizlab_5, hell_entry, abyss_entry_crystal,
          minmay_starry_boxes
Zot:1:    layout_basic
Zot:2:    regret_index_qazlal_generations, layout_onion_interference,
          lemuel_flame_loot_1
Zot:3:    layout_gridville, chequers_guarded_unrand_mask_of_the_dragon
Zot:4:    ebering_klown_carousel, layout_twisted_circle, bh_zot_levy_curve,
          lemuel_elevator
Zot:5:    layout_twisted_circle
